cohdb
Replays
Latest Replays
All Replays
Popular Replays
Top Player Replays
Match Explorer
How It Works
Community
CoH3 Stats
Reddit
Sign in to upload your games and track your stats! →
Sign in with Steam
Match 42432130
Unlisted
Match 42432130
Overview
Messages
Build Orders
End
Construct Barracks
Selects Heavy Weapons
Engineer Squad
Riflemen Squad
Riflemen Squad
Grenade Package
M1 Mortar Team
Riflemen Squad
Infantry Support Center
Construct Medical Station
Selects M2HB .50cal Heavy Machine Gun
Selects Assault Carriers
Construct Weapon Support Center
Bazooka Squad
M1919 Machine Gun Team
M3 Assault Carrier
M3 Assault Carrier
Bazooka Squad
Bazooka Squad
M1919 Machine Gun Team
M1918 Browning Automatic Rifles
M1919 Machine Gun Team
D O M I N A T I O N
MadMax
0
0
Comments
sign in to comment!
No comments posted yet!